groovejumper, neutral female human Archeologist --------------- ----- ##### |.............| #.....## -----# ------------ |..............######|.@u| |.<..######...........| ---.-----.----- ##|....# |...|# # |..........| # # ##|[..|# |..)|######|..........| ### # ####-----# ##....|# # |..).......| # # # ## ### -------- # |...|# ##-..........| # # # # # |......+### -----# ---|-------- # # # # ###|......|########## ################ # ## #### #.......|# # ----.----.------## |.......# ### |.........^.....## |...*..| # |..............|# |......| + |...............# -------- |..............| ---------------- groovejumper the Field Worker Experience level: 4 Strength: 15 Dexterity: 10 Constitution: 14 Intelligence: 16 Wisdom: 13 Charisma: 7 Health: 0(31) Energy: 17(17) AC: 6 Gold: 650 Moves: 1219 Your Inventory: Coins $ - 650 gold pieces Weapons a - an uncursed +2 bullwhip (weapon in hand) Armor b - an uncursed +0 leather jacket (being worn) c - a blessed +0 fedora (being worn) i - a [blessed] +2 pair of jungle boots [water walking] (being worn) Comestibles d - 6 uncursed food rations l - an [uncursed stale] egg m - an [uncursed] eucalyptus leaf t - an [uncursed] tripe ration Scrolls j - 2 [blessed] unlabeled scrolls [of blank paper] k - an [uncursed] scroll labeled AQUE BRAGH [of teleportation] Potions o - an [uncursed] swirly potion [of levitation] r - an [uncursed] luminescent potion [of object detection] Wands x - an [uncursed] bone wand [of secret door detection (0:12)] Tools e - an uncursed +0 pick-axe (alternate weapon; not wielded) f - an uncursed tinning kit (0:32) h - an uncursed sack v - a [blessed] figurine of a rock mole Gems g - an uncursed touchstone Spells known in the end: Name Level Category Fail Memory Your skills at the end: Fighting Skills Weapon Skills pick-axe [Basic / Expert] sling [Basic / Skilled] whip [Basic / Expert] Spellcasting Skills Final Attributes: You were devoutly aligned. Hunger level was 1044. Your alignment was 15 / 16. Monster difficulty range was 0 - 4. Level difficulty was 4. You were stealthy. You could walk on water. You were fast. Your luck was zero. You are dead. Vanquished creatures: a pony a giant ant an iguana an acid blob a coyote a red mold 2 geckos a jackal a kobold 2 goblins 2 grid bugs a lichen a kobold zombie 2 newts 18 creatures vanquished. Voluntary challenges: You were an atheist. You used a wielded weapon 26 times. You read items or engraved 10 times. You put on armor 3 times. You never genocided any monsters. You never polymorphed an object. You never changed form. You used no wishes. You wrote Elbereth's name 7 times. You never encountered a bones level. You never used any Sokoban shortcuts. Dungeon overview: The Dungeons of Doom: levels 1 to 5 Level 1 a fountain a long staircase Level 3 a long staircase Level 4 <- You were here Level 5 some fountains History has recorded: On T:1 you entered the Dungeons of Doom to retrieve the Amulet of Yendor! On T:280 you reached level 2 of The Dungeons of Doom. On T:518 you reached level 3 of The Dungeons of Doom. On T:580 you advanced to experience level 2. On T:834 you reached level 4 of The Dungeons of Doom. On T:847 you advanced to experience level 3. On T:1043 you reached level 5 of The Dungeons of Doom. On T:1064 you advanced to experience level 4. Latest messages: This coyote corpse tastes terrible! [HP+1=4] You stop eating the coyote corpse. [3 turns] You write "Elbereth" with your fingers into the dust. You resume your meal. The coyote turns to flee! You finish eating the coyote corpse. [3 turns] Something is written here in the dust. You read: "l|e? ?_l e c hElbe?eth". [HP+1=5] You write "Elbereth" with your fingers into the dust. You hear the footsteps of a guard on patrol. (2x) [HP+1=6] You hear someone cursing shoplifters. [HP+1=7] [HP+1=8] [HP+1=9] You stop waiting. [31 turns] The pony kicks! The pony bites! The pony kicks! You die... Final status: Goodbye groovejumper the Archeologist... You died in The Dungeons of Doom on dungeon level 4 with 1305 points, and 650 pieces of gold, after 1219 moves. You were level 4 with a maximum of 31 hit points when you died.